 Dungeon Crawl Stone Soup version 0.31-a0-4-gefa6de2278 (webtiles) character file.

Game seed: 8130785507128302718

2858 qeuew the Protected (level 9, -2/118 HPs)
             Began as a Minotaur Fighter on May 3, 2023.
             Was an Initiate of Gozag.
             Slain by a two-headed ogre
             ... wielding a +0 giant spiked club
              (9 damage)
             ... on level 7 of the Dungeon.
             The game lasted 00:07:45 (7198 turns).

qeuew the Protected (Minotaur Fighter)              Turns: 7198, Time: 00:07:46

Health: -2/118     AC: 28    Str: 21    XL:     9   Next: 47%
Magic:  8/8        EV:  2    Int:  8    God:    Gozag
Gold:   594        SH:  6    Dex: 15    Spells: 8/8 levels left

rFire   + . .        a - +1 war axe (heavy)
rCold   + . .        c - +0 buckler
rNeg    . . .        b - melded +0 scale mail
rPois   +            f - melded +2 hat
rElec   +            (cloak currently unavailable)
rCorr   +            (gloves currently unavailable)
SInv    .            (boots currently unavailable)
Will    +....        g - amulet of regeneration
Stlth   +            h - +4 ring of protection
HPRegen 1.19/turn    l - ring of willpower
MPRegen 0.11/turn

%: no passive effects
@: mighty, brilliant, tree-form, resistant
A: stationary, stasis, torment immunity, boosted hp, (horns 2), (retaliatory
headbutt), (hooves 1), (iridescent scales 1), agile 1, clever 1
a: End Transformation, Renounce Religion, Potion Petition, Call Merchant, Bribe
Branch


You were on level 7 of the Dungeon.
You worshipped Gozag.
Gozag was pleased with you.
You were a tree.
You visited 1 branch of the dungeon, and saw 7 of its levels.

You collected 1056 gold pieces.
You paid 462 gold pieces to Gozag.

Inventory:

Hand Weapons
 a - a +1 heavy war axe (weapon)
Missiles
 p - a throwing net (quivered)
Armour
 b - a +0 scale mail (melded)
 c - a +0 buckler (worn)
 f - a +2 hat (melded)
Jewellery
 g - an amulet of regeneration (around neck)
 h - a +4 ring of protection (left branch)
 l - a ring of willpower (right branch)
Wands
 i - a wand of flame (20)
 r - a wand of light (6)
 v - a wand of polymorph (5)
Scrolls
 e - 2 scrolls of teleportation
 k - 2 scrolls of fear
 n - a scroll of identify
 o - 4 scrolls of blinking
 q - a scroll of enchant weapon
 s - a scroll of enchant armour
Potions
 d - 5 potions of might
 j - 2 potions of berserk rage
 m - a potion of curing
 t - a potion of cancellation {unknown}
 u - a potion of degeneration {unknown}


   Skills:
 + Level 7.1 Fighting
 + Level 6.4 Axes
 * Level 9.3 Armour
 + Level 5.3 Dodging
 + Level 7.1 Shields
 + Level 3.6 Evocations


You had 8 spell levels left.
You didn't know any spells.
Your spell library contained the following spells:

 Spells                   Type           Power      Damage    Failure   Level
 Scorch                   Fire           0%         2d5       61%         2
 Gell's Gravitas          Tloc           0%         N/A       83%         3
 Teleport Other           Tloc           0%         N/A       83%         3
 Flame Wave               Conj/Fire      0%         2d4       99%         4
 Dispersal                Tloc           0%         N/A       100%        6
 Summon Cactus Giant      Summ           0%         N/A       100%        6


Dungeon Overview and Level Annotations

Branches:
Dungeon (7/15)             Temple (0/1) D:5

Altars:
Elyvilon
Gozag
Hepliaklqana
Okawaru
Qazlal
Trog
Wu Jian

Shops:
D:7 [


Innate Abilities, Weirdness & Mutations

You are a tree.
Your roots penetrate the ground, keeping you stationary.
You cannot be teleported.
You are immune to unholy pain and torment.
Your maximum health is greatly increased.
Your equipment is partially melded.
((You have a pair of horns on your head.))
((You reflexively headbutt those who attack you in melee.))
((You have large cloven feet.))
((You are partially covered in iridescent scales. (AC +2)))
You are agile. (Dex +4, Str/Int -1)
Your mind is acute. (Int +4, Str/Dex -1)


Message History

You headbutt the black bear! The black bear closely misses you.
The black bear barely misses you. The two-headed ogre closely misses you.
You block the two-headed ogre's attack. The centaur hits you.
The centaur barely misses you. The black bear barely misses you.
The black bear claws you but does no damage. x2
You completely miss the two-headed ogre.
You kick the two-headed ogre.
The two-headed ogre is heavily wounded.
You closely miss the centaur. You hit the black bear.
You block the centaur's attack.
The centaur kicks you but does no damage.
The centaur completely misses you.
The centaur kicks you but does no damage.
The two-headed ogre hits you with a +0 giant spiked club!!
* * * LOW HITPOINT WARNING * * *
The two-headed ogre hits you with a +0 giant spiked club!
* * * LOW HITPOINT WARNING * * *
The black bear bites you but does no damage.
The black bear claws you but does no damage. x2
The centaur hits you but does no damage.
The centaur closely misses you. You block the black bear's attack.
The black bear claws you.
* * * LOW HITPOINT WARNING * * *
The black bear claws you but does no damage.
You don't know any spells. [a] - 208 gold - might and brilliance [b] - 462 gold - might, brilliance, lignification and resistance [c] - 280 gold - resistance and might Purchase which effect?
You no longer have enough gold to fund merchants seeking to open stores in the dungeon.
You feel very mighty all of a sudden.
You feel clever all of a sudden.
You turn into a tree.
Your +2 hat melds into your body.
Your +0 scale mail melds into your body.
Your roots penetrate the ground.
You feel protected.
The centaur hits you but does no damage.
You block the centaur's attack.
The two-headed ogre hits you with a +0 giant spiked club!
You die...
Your body crumbles into a pile of gold.

#.#....###...##..###...#....
#.#..### ....#...###.)####.
#.#### #..##..#.....# #.
#.## $#+#...#......#####.
#..# ##$ #..##...###.#...
#### $! #...'.###)##.###
#!###..### #.##.# ###.....#
#.##.# #h♣...### #.##.#
#...Oc.### #.##.# ##...###
#.##.## #.## #.#.#.## ##
#..###.. ###.#.#. ##.##.
#.##< #.##)


You could see a two-headed ogre, a black bear and a centaur.

Vanquished Creatures
  A kobold demonologist (D:7)
  Prince Ribbit (D:7)
  Sigmund (D:4)
  Eustachio (D:4)
  A water moccasin (D:7)
  A black bear (D:5)
  3 ice beasts
  3 centaurs
  2 ogres (D:7)
  A phantom (D:4)
  A bullfrog (D:7)
  2 scorpions (D:5)
  3 wights (D:5)
  A killer bee (D:7)
  7 hounds
  A jelly (D:7)
  A gnoll bouda (D:6)
  2 sleepcaps
  3 iguanas
  Ijyb (D:4)
  2 orc wizards (D:7)
  9 adders
  9 gnolls
  A shadow imp (D:6)
  2 ufetubi
  3 dart slugs
  16 orcs
  7 ball pythons
  5 bats
  8 endoplasms
  2 giant cockroaches
  9 goblins
  4 hobgoblins
  4 jackals (D:1)
  3 kobolds (D:3)
  2 quokkas
  2 frilled lizards
  7 rats
132 creatures vanquished.

Notes
Turn   | Place    | Note
-------+----------+-------------------------------------------
     0 | D:1      | qeuew the Minotaur Fighter began the quest for the Orb.
     0 | D:1      | Reached XP level 1. HP: 19/19 MP: 0/0
   193 | D:1      | Reached XP level 2. HP: 21/27 MP: 1/1
   322 | D:1      | Reached skill level 4 in Armour
   404 | D:1      | Reached skill level 1 in Dodging
   473 | D:1      | Reached XP level 3. HP: 26/33 MP: 2/2
   783 | D:1      | Found a faded altar of an unknown god.
   937 | D:1      | Prayed at the altar of an unknown god.
   937 | D:1      | Became a worshipper of Gozag Ym Sagoz the Greedy
  1521 | D:2      | Reached XP level 4. HP: 25/40 MP: 3/3
  1870 | D:2      | Found an opulent altar of Gozag.
  3228 | D:3      | Found a stormy altar of Qazlal.
  3290 | D:4      | Noticed Sigmund
  3301 | D:4      | Killed Sigmund
  3302 | D:4      | Reached skill level 5 in Armour
  3302 | D:4      | Reached XP level 5. HP: 24/47 MP: 4/4
  3302 | D:4      | Reached XP level 6. HP: 27/53 MP: 5/5
  3605 | D:4      | Noticed Ijyb
  3615 | D:4      | Reached skill level 5 in Fighting
  3615 | D:4      | Reached skill level 6 in Armour
  3615 | D:4      | Reached skill level 5 in Shields
  3617 | D:4      | Killed Ijyb
  3728 | D:4      | Noticed Eustachio
  3741 | D:4      | Killed Eustachio
  3742 | D:4      | Reached XP level 7. HP: 45/61 MP: 6/6
  4337 | D:4      | Gained mutation: You have large cloven feet. [potion of
                  | mutation]
  4337 | D:4      | Gained mutation: You are frail. (-10% HP) [potion of
                  | mutation]
  4337 | D:4      | Gained mutation: Your mind is acute. (Int +4, Str/Dex -1)
                  | [potion of mutation]
  4344 | D:5      | Entered Level 5 of the Dungeon
  4349 | D:5      | Reached skill level 1 in Evocations
  4576 | D:5      | Reached skill level 7 in Armour
  4579 | D:5      | Reached XP level 8. HP: 28/63 MP: 7/7
  4717 | D:5      | Reached skill level 5 in Axes
  4776 | D:5      | Found a bloodstained altar of Trog.
  4839 | D:5      | Identified the ring of Qahylen {rC+ Int+4 Stlth-}
  4871 | D:5      | Lost mutation: You are frail. (-10% HP) [potion of
                  | mutation]
  4871 | D:5      | Lost mutation: You have large cloven feet. [potion of
                  | mutation]
  4871 | D:5      | Gained mutation: You are partially covered in iridescent
                  | scales. (AC +2) [potion of mutation]
  4871 | D:5      | Gained mutation: You are agile. (Dex +4, Str/Int -1)
                  | [potion of mutation]
  4871 | D:5      | Gained mutation: You have large cloven feet. [potion of
                  | mutation]
  5078 | D:5      | Found a staircase to the Ecumenical Temple.
  5415 | D:6      | Found a white marble altar of Elyvilon.
  5481 | D:6      | Found a hazy altar of Hepliaklqana.
  5641 | D:6      | Reached skill level 8 in Armour
  5696 | D:6      | Found an ornate altar of the Wu Jian Council.
  6225 | D:7      | Found an iron altar of Okawaru.
  6460 | D:7      | Noticed a kobold demonologist
  6463 | D:7      | Noticed an orange demon
  6466 | D:7      | Noticed a red devil
  6472 | D:7      | Noticed a smoke demon
  6476 | D:7      | Killed a kobold demonologist
  6477 | D:7      | Reached XP level 9. HP: 35/78 MP: 8/8
  6653 | D:7      | Found Xusexaro's Armour Shoppe.
  6659 | D:7      | Noticed Prince Ribbit
  6671 | D:7      | Killed Prince Ribbit
  6672 | D:7      | Reached skill level 9 in Armour
  6672 | D:7      | Reached skill level 5 in Dodging
  7190 | D:7      | Noticed a two-headed ogre
  7198 | D:7      | Slain by a two-headed ogre

Illustrated notes

Levels and vault maps discovered:
D:1:      dpeg_arrival_signposts, layout_basic,
          shapermc_ecumenical_altar_hornbeckon
D:2:      layout_loops_ring, serial_co_window_serial, co_window_corner_a,
          co_window_paths_a, co_window_of_opportunity_a, co_window_paths_a,
          co_window_paths_a, co_window_corner_b, co_window_broadway_c,
          co_window_of_opportunity_b, co_window_corner_ca, co_window_sun,
          co_window_4corner_b, glass_columns_a, basic_altar
D:3:      layout_basic, nicolae_qazlal_eye_of_the_storm
D:4:      layout_layer_cave, uniq_sigmund, uniq_ijyb, uniq_eustachio
D:5:      layout_loops_ring, lemuel_doored_altar,
          minmay_temple_entry_gardened_gates, grunt_ministairs_2, hex_large
D:6:      layout_cave_pods, nicolae_hepliaklqana_hazy_memory,
          pdpol_wu_jian_five_deadly_venoms, nicolae_elyvilon_peaceful_grove
D:7:      minmay_slanted_spiral_squares, layout_loops_ring,
          mainiacjoe_overflow_alcove_4, serial_shops,
          nicolae_shop_tiny_statue_garden, uniq_prince_ribbit1

Skill      XL: |  1  2  3  4  5  6  7  8  9 |
---------------+----------------------------+-----
Armour         | 4 5 6 7 8 9 |  9.3
Dodging        | 1 2 3 4 5 |  5.3
Shields        | 4 5 6 7 |  7.1
Fighting       | 4 5 6 7 |  7.1
Axes           | 3 4 6 |  6.4
Evocations     | 1 3 |  3.6

Action                     |  1- 3 |  4- 6 |  7- 9 || total
---------------------------+-------+-------+-------++-------
  Melee: War axe           |    65 |    93 |   119 ||   277
         Headbutt          |     3 |    16 |    18 ||    37
         Kick              |       |       |    34 ||    34
 Invoke: Potion Petition   |       |       |     1 ||     1
    Use: Scroll            |     2 |     7 |     6 ||    15
         Potion            |       |     1 |     7 ||     8
   Stab: Invisible         |       |       |     1 ||     1
 Armour: Scale mail        |    46 |    60 |   103 ||   209
         Skin              |       |       |     1 ||     1
  Dodge: Dodged            |    43 |    53 |   114 ||   210
  Block: Buckler           |    26 |    32 |    58 ||   116

Table legend: (Time is in decaauts)
 A = Elapsed time spent in this place.
 B = Non-inter-level travel time spent in this place.
 C = Inter-level travel time spent in this place.
 D = Time resting spent in this place.
 E = Time spent auto-exploring this place.
 F = Levels seen in this place.
 G = Mean time per level.
                   A        B        C        D        E       F      G
               +--------+--------+--------+--------+--------+-----+--------+
         Total |   7428 |   7182 |    246 |      0 |   6209 |   7 | 1061.1 |
       Dungeon |   7428 |   7182 |    246 |      0 |   6209 |   7 | 1061.1 |
               +--------+--------+--------+--------+--------+-----+--------+

Top non-repeatable levels by time:
     D:3: 1310 daAuts
     D:4: 1100 daAuts
     D:2: 1083 daAuts
     D:7: 1059 daAuts
     D:1: 991 daAuts
     D:5: 989 daAuts
     D:6: 892 daAuts
